 Dungeon Crawl Stone Soup version 0.26.0-7-g794d0892b4 (webtiles) character file.

Game seed: 2561927786674784000

88 Acheron the Chopper (level 4, -1/34 (35) HPs)
             Began as a Human Chaos Knight on Jan 11, 2021.
             Was a Plaything of Xom.
             Succumbed to a worker ant's poison
             ... on level 4 of the Dungeon.
             The game lasted 00:08:32 (2087 turns).

Acheron the Chopper (Human Chaos Knight)            Turns: 2087, Time: 00:08:33

HP:   -1/34 (35)    AC:  8    Str: 13    XL:     4   Next: 81%
MP:   4/4           EV: 12    Int: 16    God:    Xom [.*....]
Gold: 187           SH:  0    Dex: 13    Spells: 3/3 levels left

rFire    + . .     SeeInvis .   r - +1 morningstar (drain)
rCold    + . .     Faith    .   (no shield)
rNeg     . . .     Spirit   .   b - +3 leather armour
rPois    +         Reflect  .   (no helmet)
rElec    +         Harm     .   (no cloak)
rCorr    +         Rampage  .   (no gloves)
Will     .....                  (no boots)
Stlth    +.........             (no amulet)
HPRegen  0.11/turn              (no ring)
MPRegen  0.09/turn              (no ring)

@: lethally poisoned (-1 -> -18), resistant, lightly drained
A: thin metallic scales 1, clever 2, wild magic 2, evolution 1
a: Renounce Religion


You were on level 4 of the Dungeon.
You worshipped Xom.
You were a plaything of Xom.
You visited 1 branch of the dungeon, and saw 5 of its levels.

You collected 187 gold pieces.

Inventory:

Hand Weapons
 m - a +1 war axe
 r - a +1 morningstar of draining (weapon)
Missiles
 d - 109 stones (quivered)
 k - 2 boomerangs
 o - a javelin
Armour
 b - a +3 leather armour (worn)
Wands
 g - a wand of digging (5)
Scrolls
 q - a scroll of teleportation
Potions
 c - 2 potions of degeneration {unknown}
 h - a potion of magic {unknown}
 l - a potion of lignification {unknown}
 n - a potion of resistance


   Skills:
 * Level 3.5 Fighting
 + Level 3.5 Axes
 * Level 0.7 Throwing
 + Level 2.3 Armour
 * Level 2.2 Dodging
 * Level 1.4 Stealth


You had 3 spell levels left.
You didn't know any spells.
Your spell library was empty.

Dungeon Overview and Level Annotations

Branches:
Dungeon (5/15)
 Temple: D:4-7

Altars:
Nemelex Xobeh
Vehumet
Zin


Innate Abilities, Weirdness & Mutations

You are partially covered in thin metallic scales. (AC +2)
Your mind is very acute. (Int +4)
Your spells are harder to cast, but more powerful.
You evolve.


Message History

The worker ant poisons you!
The howler monkey skeleton hits you but does no damage.
The worker ant barely misses you.
You sock the howler monkey skeleton!
You destroy the howler monkey skeleton!
* * * LOW HITPOINT WARNING * * *
You feel very sick. The worker ant closely misses you.
The worker ant misses you.
You feel protected.
* * * LOW HITPOINT WARNING * * *
You feel sick. The worker ant barely misses you.
You hit the worker ant.
The worker ant is heavily wounded.
* * * LOW HITPOINT WARNING * * *
You feel very sick. The worker ant barely misses you.
You completely miss the worker ant.
The worker ant is heavily wounded.
You die...
Xom snickers!

*,,,,,,,**,..,,,,**,####8,,,,,,,,
**,,,,,,****..*,,,###..#,,,,,,,,,
***,,,,* *,,.,*,##....#,,,,,*###
*****,,,* **,#.*##.....##,,***...
*,,,,,,** **,#.##.......#,,,,,...
,,,,,,** *,,#..........#,,,,,..$
******* #.?.##S.......###,,,...
*##..*#B#........####...
*#....*#@##.?........####
*#.........###............
*#...#.##.....###..........
**#####...#***#.....#*######..S..
,,,.......# *#.......**,,,######
,,**#.....# *......?..,,,,,,,,,,
,** *#....# *##.###....,,,,,**,,
,* #....# *#.#**##[.,**,*,*,, ,*
##...# **,*,* *,,,,,***,,,*


You could see a worker ant and an adder.

Vanquished Creatures
  5 adders
  A howler monkey skeleton (D:4)
  2 leopard geckos (D:2)
  An orc (D:4)
  4 goblins
  3 hobgoblins
  3 jackals (D:2)
  6 bats
  A frilled lizard (D:3)
  4 kobolds
  5 rats
35 creatures vanquished.

Vanquished Creatures (others)
  A bat (D:2)
  5 plants (D:2)
6 creatures vanquished.

Grand Total: 41 creatures vanquished

Notes
Turn   | Place    | Note
-------+----------+-------------------------------------------
     0 | D:1      | Acheron the Human Chaos Knight began the quest for the Orb.
     0 | D:1      | Reached XP level 1. HP: 18/18 MP: 1/1
   334 | D:1      | XOM: silly message
   352 | D:1      | XOM: give mutations
   352 | D:1      | Gained mutation: Your spells are a little harder to cast,
                  | but a little more powerful. [Xom's grace]
   352 | D:1      | Gained mutation: Your mind is acute. (Int +2) [Xom's grace]
   354 | D:1      | Reached XP level 2. HP: 20/24 MP: 2/2
   518 | D:2      | Reached XP level 3. HP: 26/29 MP: 3/3
   531 | D:2      | Reached skill level 1 in Stealth
   687 | D:2      | XOM: divination: detect items
   776 | D:2      | XOM: god gift: scroll labelled RETRIS ULELIESK {god gift}
   900 | D:2      | XOM: cloud trail
   956 | D:2      | XOM: snakes to sticks
  1101 | D:2      | Found a radiant altar of Vehumet.
  1160 | D:3      | XOM: summons 2 hostile demons
  1168 | D:3      | XOM: cast spell 'Summon Small Mammal'
  1191 | D:3      | Reached XP level 4. HP: 10/35 MP: 4/4
  1467 | D:2      | Found a glowing silver altar of Zin.
  1467 | D:2      | Noticed an angel
  1569 | D:3      | XOM: summons 3 hostile demons
  1570 | D:3      | Noticed a neqoxec
  1570 | D:3      | Noticed a hellwing
  1834 | D:3      | XOM: give mutations
  1834 | D:3      | Gained mutation: Your spells are harder to cast, but more
                  | powerful. [Xom's grace]
  1834 | D:3      | Gained mutation: You are partially covered in thin metallic
                  | scales. (AC +2) [Xom's grace]
  1834 | D:3      | Gained mutation: You evolve. [Xom's grace]
  1834 | D:3      | Gained mutation: Your mind is very acute. (Int +4) [Xom's
                  | grace]
  1947 | D:4      | Found a sparkling altar of Nemelex Xobeh.
  1981 | D:5      | Entered Level 5 of the Dungeon
  2047 | D:4      | XOM: 2-stop teleportation journey
  2062 | D:4      | XOM: enchant monster (good)
  2086 | D:4      | HP: 1/34 [poisoned by a worker ant]
  2087 | D:4      | Succumbed to a worker ant's poison

Illustrated notes

Levels and vault maps discovered:
D:1:      dpeg_arrival_refuge, layout_rooms
D:2:      layout_basic, fiery_altar_vehumet, zin_angel, serial_bayou_pond_a
D:3:      layout_loops_ring, bloody_trog
D:4:      kennysheep_spiral_hall, layout_layer_cave, nemelex_spade_bored_becter,
          uniq_edmund
D:5:      layout_rooms, kennysheep_mini, serial_park_tiny_1,
          eino_small_chamber_without_monster, hangedman_decor_riveting,
          amcnicky_mini_pool_medium

Skill      XL: |  1  2  3  4 |
---------------+-------------+-----
Stealth        | 1 |  1.4
Dodging        | 2 |  2.2
Fighting       | |  3.5
Axes           | |  3.5
Throwing       | |  0.7
Armour         | |  2.3

Action                   |  1- 3 |  4- 6 || total
-------------------------+-------+-------++-------
Melee: Hand axe          |    83 |       ||    83
       War axe           |    31 |    30 ||    61
       Morningstar       |       |    10 ||    10
  Use: Potion            |     2 |     1 ||     3
       Scroll            |     1 |     5 ||     6
Armor: Leather armour    |    66 |    15 ||    81
Dodge: Dodged            |   111 |    45 ||   156
